 Dungeon Crawl Stone Soup version 0.25-a0-886-gd7461d2276 (webtiles) character file.

Game seed: 287324588653569234, levelgen mode: deterministic

56548 Gumption the Nimble (level 14, -7/74 HPs)
             Began as a Spriggan Enchanter on Apr 30, 2020.
             Was a High Priest of Dithmenos.
             Mangled by a deep troll earth mage (9 damage)
             ... on level 12 of the Dungeon on May 2, 2020.
             The game lasted 05:23:07 (28992 turns).

Gumption the Nimble (Spriggan Enchanter)           Turns: 28992, Time: 05:23:07

Health: -7/74      AC:  6    Str:  4    XL:     14   Next: 42%
Magic:  21/27      EV: 33    Int: 20    God:    Dithmenos [*****.]
Gold:   1459       SH:  8    Dex: 18    Spells: 15/29 levels left

rFire    + . .     SeeInvis +   a - +9 dagger (elec)
rCold    + . .     Gourm    .   f - +0 buckler
rNeg     . . .     Faith    .   U - +2 robe {rC+}
rPois    .         Spirit   .   (helmet restricted)
rElec    .         Reflect  .   z - +1 cloak
rCorr    .         Harm     .   (gloves unavailable)
MR       ++...                  (boots unavailable)
Stlth    +++++++++.             d - amulet of magic regeneration
HPRegen  0.22/turn              c - +3 ring of evasion
MPRegen  0.45/turn              r - ring of protection from fire

@: confusing touch, wreathed by umbra, very quick
A: very small, unfitting armour, see invisible, herbivore, speed 3, slow
metabolism 2
a: Shadow Step, Shadow Form, Renounce Religion


You were on level 12 of the Dungeon.
You worshipped Dithmenos.
Dithmenos was extremely pleased with you.
You were not hungry.

You visited 3 branches of the dungeon, and saw 19 of its levels.
You also visited: Ice Cave.

You collected 1459 gold pieces.

Inventory:

Hand Weapons
 a - a +9 dagger of electrocution (weapon)
 V - a +4 rapier of freezing
Missiles
 B - 50 poisoned darts (quivered)
 W - 5 throwing nets
Armour
 f - a +0 buckler (worn)
 m - a scarf of repulsion
 z - a +1 cloak (worn)
 U - a +2 robe of cold resistance (worn)
Jewellery
 c - a +3 ring of evasion (left hand)
 d - an amulet of magic regeneration (around neck)
 g - an uncursed ring of protection from cold
 r - a ring of protection from fire (right hand)
 w - the ring of Luxes {rElec Str+3}
   (You acquired it on level 3 of the Lair of Beasts)

   [ring of strength]

   It affects your strength (+3).
   It insulates you from electricity.
 J - an uncursed ring of flight
Wands
 s - a wand of iceblast (38)
 y - a wand of enslavement (20)
 C - a wand of scattershot (7)
 E - a wand of digging (4)
 F - a wand of flame (22)
 G - a wand of disintegration (30)
 S - a wand of paralysis (13)
Scrolls
 b - a scroll of summoning
 i - 5 scrolls of fog
 l - 6 scrolls of teleportation
 u - 12 scrolls of remove curse
 v - 3 scrolls of immolation
 H - a scroll of enchant armour
 L - 2 scrolls of magic mapping
 T - a scroll of blinking
 X - a scroll of silence
Potions
 h - a potion of might
 j - 3 potions of invisibility
 k - 4 potions of curing
 o - a potion of resistance
 p - a potion of brilliance
 q - 5 potions of mutation
 t - 2 potions of haste
 A - 4 potions of lignification
 I - a potion of ambrosia
 M - 2 potions of magic
 N - 3 potions of cancellation
 O - a potion of berserk rage
 P - 2 potions of stabbing
 R - a potion of heal wounds
 Y - 2 potions of flight
Miscellaneous
 D - a box of beasts
Comestibles
 e - 15 rations


   Skills:
 * Level 8.8 Fighting
 - Level 10.0 Short Blades
 + Level 13.6 Dodging
 + Level 12.1 Stealth
 + Level 6.6 Shields
 - Level 8.0 Spellcasting
 + Level 12.8 Hexes
 - Level 4.0 Charms
 - Level 4.0 Ice Magic
 + Level 7.3 Invocations
 + Level 5.8 Evocations


You had 15 spell levels left.
You knew the following spells:

 Your Spells              Type           Power        Failure   Level  Hunger
a - Ensorcelled Hibernat  Hex/Ice        #####.       1%          2    None
b - Spectral Weapon       Hex/Chrm       #####...     1%          3    None
c - Confusing Touch       Hex            ######..     1%          3    None
d - Tukima's Dance        Hex            ######..     1%          3    None
z - Dazzling Flash        Conj/Hex       ####..       1%          3    None

Your spell library contained the following spells:

 Spells                   Type           Power        Failure   Level  Hunger
 Corona                   Hex            ######.      1%          1    None
 Infusion                 Chrm           ###.         1%          1    None
 Song of Slaying          Chrm           ###.....     2%          2    None
 Ozocubu's Armour         Chrm/Ice       ###.....     4%          3    None
 Shroud of Golubria       Chrm/Tloc      ###...       6%          2    None
 Fulminant Prism          Conj/Hex       ####......   6%          4    ###....
 Magic Dart               Conj           #...         9%          1    None
 Searing Ray              Conj           #.....       13%         2    None
 Iskenderun's Mystic Bla  Conj/Tloc      #.......     65%         4    ###....


Dungeon Overview and Level Annotations

Branches:
Dungeon (12/15)            Temple (1/1) D:6            Lair (6/6) D:10
 Shoals (0/4) Lair:3        Snake (0/4) Lair:2        Slime (0/5) Lair:5
    Orc (0/2) D:10          IceCv (visited)

Altars:
Ashenzari
Cheibriados
Dithmenos
Elyvilon
Fedhas
Gozag
Hepliaklqana
Kikubaaqudgha
Makhleb
Nemelex Xobeh
Okawaru
Qazlal
Ru
Sif Muna
Trog
Uskayaw
Vehumet
Wu Jian
Xom
Yredelemnul
Zin
The Shining One
Jiyva

Annotations:
D:9 1 runed translucent door, Zajic's ghost, novice MiBe
D:12 Erolcha
Lair:2 3 runed translucent doors, exclusion: 2 oklob plants, Ucoruk's ghost, journeyman OpFi
Lair:5 Quroheng's ghost, journeyman VSWn


Innate Abilities, Weirdness & Mutations

You are very small and have problems with some larger weapons.
You are too small for most types of armour.
You have supernaturally acute eyesight. (SInv)
You are a herbivore.
You cover ground extremely quickly.
You need to consume almost no food.


Message History

The deep troll earth mage resists with some effort.
The deep troll earth mage bites you. The deep troll earth mage claws you!!
* * * LOW HITPOINT WARNING * * *
You block the deep troll earth mage's attack.
Casting: Ensorcelled Hibernation (safe; 1% risk of failure)
Confirm with . or Enter, or press ? or * to list all spells.
Aiming: Ensorcelled Hibernation (safe; 1% risk of failure)
Press: ? - help, Shift-Dir - straight line, f/p - deep troll earth mage
Aim: a deep troll earth mage (umbra, chance to defeat MR: 50%)
The deep troll earth mage resists with some effort.
The deep troll earth mage completely misses you.
The deep troll earth mage claws you!
* * * LOW HITPOINT WARNING * * *
You block the deep troll earth mage's attack.
Casting: Ensorcelled Hibernation (safe; 1% risk of failure)
Confirm with . or Enter, or press ? or * to list all spells.
Your hands begin to glow red.
The deep troll earth mage bites you!
* * * LOW HITPOINT WARNING * * *
The deep troll earth mage claws you!
You die...

..........# #............
..........# +............
..........###########............
.........................########
#+###.......###.####.....#
#รท......##...####....#
#.......##....####...#
#.......##..T.(###...########
#.......###.@..(##..[........
##.......####..(.##...########
##.........####.[.##...#
##...........####'###...#
#....W........##...##...#
#.(.a..(......##...##...########
#(...###'####.##...##...........
#.<..'..... .##...##...........
#....#......#.##...##...........


You could see a deep troll earth mage.

Vanquished Creatures
  A fire dragon (Lair:6)
  Harold (Lair:2)
  5 hydras
  A catoblepas (Lair:4)
  A two-headed ogre (D:10)
  A centaur warrior (D:12)
  Erica (Lair:2)
  13 death yaks
  Nergalle (D:12)
  A fire crab (Lair:6)
  2 spriggans (Lair:5)
  A swamp dragon (Lair:6)
  An orc knight (D:12)
  Pikel (D:4)
  4 ugly things
  A cyclops (D:12)
  11 elephants
  A manticore (D:12)
  Maurice (D:8)
  A black mamba (Lair:5)
  A merfolk siren (Lair:3)
  A gargoyle (D:10)
  10 spiny frogs
  8 komodo dragons
  3 rime drakes
  A troll (D:12)
  A merfolk (Lair:3)
  A polar bear (Lair:5)
  5 blink frogs (Lair:3)
  A hornet (Lair:5)
  7 dream sheep (Lair:6)
  7 hippogriffs
  A shadow (D:11)
  Sigmund (D:3)
  A human (D:7)
  A wraith (D:12)
  A wyvern (D:11)
  39 yaks
  5 basilisks
  3 steam dragons (Lair:6)
  4 hogs (D:7)
  A hungry ghost (D:10)
  2 nagas (Lair:2)
  A two-headed ogre zombie (D:10)
  An acid dragon (Lair:6)
  12 water moccasins
  10 porcupines
  A floating eye (Lair:2)
  11 ice beasts
  8 orc warriors
  A hornet zombie (D:7)
  3 black bears
  2 swamp drakes (Lair:6)
  6 centaurs
  4 phantoms
  7 ogres
  13 wolves
  A boggart (Lair:5)
  16 crocodiles
  A big kobold (D:7)
  Blork the orc (D:6)
  18 bullfrogs
  3 scorpions
  A water moccasin skeleton (D:8)
  A troll zombie (D:10)
  4 wights (D:11)
  A howler monkey (D:10)
  An electric eel (Lair:2)
  2 crimson imps
  7 hounds
  A bullfrog zombie (D:10)
  3 bullfrog skeletons
  2 centaur skeletons
  8 orc priests
  2 gnoll shamans
  Natasha (thrice) (D:3)
  5 iguanas
  15 orc wizards
  4 worker ants
  6 ogre zombies (D:10)
  A worker ant zombie (D:8)
  10 gnolls
  5 adders
  2 shadow imps
  2 oozes
  2 worms
  A dart slug (D:1)
  7 leopard geckos
  52 orcs
  4 bats
  3 giant cockroaches
  7 goblins
  6 hobgoblins
  11 jackals
  2 quokkas
  3 frilled lizards
  A goblin skeleton (D:10)
  4 goblin zombies (D:10)
  A hobgoblin skeleton (D:10)
  2 hobgoblin zombies (D:10)
  A jackal skeleton (D:7)
  A jackal zombie (D:5)
  12 kobolds
  6 orc skeletons (D:10)
  11 orc zombies (D:10)
  5 rats
503 creatures vanquished.

Vanquished Creatures (collateral kills)
  2 merfolk sirens (Lair:3)
2 creatures vanquished.

Vanquished Creatures (others)
  A bush (Lair:6)
  8 fungi
  17 plants
26 creatures vanquished.

Grand Total: 531 creatures vanquished

Notes
Turn   | Place    | Note
-------+----------+-------------------------------------------
     0 | D:1      | Gumption the Spriggan Enchanter began the quest for the
                  | Orb.
     0 | D:1      | Reached XP level 1. HP: 9/9 MP: 5/5
   363 | D:1      | Reached XP level 2. HP: 13/13 MP: 6/6
   367 | D:1      | Learned a level 2 spell: Ensorcelled Hibernation
  1531 | D:2      | Found a faded altar of an unknown god.
  1786 | D:2      | Reached XP level 3. HP: 16/16 MP: 5/8
  2005 | D:2      | Found an ancient bone altar of Kikubaaqudgha.
  2006 | D:2      | Found a sparkling altar of Nemelex Xobeh.
  2444 | D:3      | Noticed Sigmund
  2462 | D:3      | Killed Sigmund
  2462 | D:3      | Reached skill level 5 in Stealth
  2462 | D:3      | Reached skill level 1 in Ice Magic
  2462 | D:3      | Reached XP level 4. HP: 21/21 MP: 3/10
  2462 | D:3      | Reached XP level 5. HP: 24/24 MP: 3/11
  2696 | D:3      | Learned a level 3 spell: Confusing Touch
  3059 | D:3      | Reached skill level 4 in Dodging
  3120 | D:3      | Noticed Natasha
  3131 | D:3      | Killed Natasha
  3131 | D:3      | Reached skill level 5 in Hexes
  3144 | D:3      | Noticed Natasha
  3149 | D:3      | Killed Natasha
  3290 | D:3      | Reached XP level 6. HP: 28/28 MP: 9/12
  4282 | D:3      | Noticed Natasha
  4291 | D:3      | Killed Natasha
  4564 | D:4      | Noticed a slave
  4566 | D:4      | Noticed Pikel
  4566 | D:4      | Noticed a slave
  4566 | D:4      | Noticed a slave
  4649 | D:4      | Reached XP level 7. HP: 32/32 MP: 14/14
  4830 | D:4      | You fall into a shaft and drop 3 floors!
  4847 | D:6      | Reached skill level 5 in Dodging
  5087 | D:5      | Entered Level 5 of the Dungeon
  5222 | D:5      | Found a shadowy altar of Dithmenos.
  5243 | D:5      | Became a worshipper of Dithmenos the Shadowed
  6062 | D:4      | Reached XP level 8. HP: 33/36 MP: 13/16
  6082 | D:4      | Killed Pikel
  6082 | D:4      | Reached skill level 6 in Dodging
  6082 | D:4      | Reached skill level 5 in Spellcasting
  6174 | D:4      | Reached * piety under Dithmenos
  6271 | D:4      | Reached skill level 5 in Short Blades
  6463 | D:5      | Learned a level 3 spell: Tukima's Dance
  6831 | D:6      | Reached skill level 1 in Shields
  6894 | D:6      | Reached skill level 7 in Dodging
  6968 | D:6      | Found a staircase to the Ecumenical Temple.
  7032 | D:6      | Reached XP level 9. HP: 39/39 MP: 17/19
  7069 | Temple   | Entered the Ecumenical Temple
  7534 | D:6      | Noticed Blork the orc
  7539 | D:6      | Killed Blork the orc
  7891 | D:7      | Found a sacrificial altar of Ru.
  7891 | D:7      | Found a glowing golden altar of the Shining One.
  8007 | D:7      | Reached ** piety under Dithmenos
  8094 | D:7      | Reached skill level 8 in Dodging
  8138 | D:7      | Found a shimmering altar of Xom.
  8148 | D:7      | Found a hazy altar of Hepliaklqana.
  8148 | D:7      | Found a bloodstained altar of Trog.
  8150 | D:7      | Found a burning altar of Makhleb.
  8150 | D:7      | Found a snail-covered altar of Cheibriados.
  8893 | D:8      | Reached skill level 9 in Dodging
  8893 | D:8      | Reached XP level 10. HP: 44/44 MP: 18/22
  9258 | D:8      | Found an ornate altar of the Wu Jian Council.
  9258 | D:8      | Found a basalt altar of Yredelemnul.
  9382 | D:8      | Reached *** piety under Dithmenos
  9684 | D:8      | Noticed Maurice
  9699 | D:8      | Killed Maurice
 10395 | D:9      | Reached skill level 1 in Fighting
 10395 | D:9      | Reached skill level 1 in Invocations
 10489 | D:9      | Reached skill level 10 in Hexes
 10914 | D:9      | Found a runed translucent door.
 10914 | D:9      | Found a shimmering altar of Xom.
 10914 | D:9      | Noticed a +1 dire flail of chaos
 10914 | D:9      | Noticed Zajic's ghost (novice MiBe)
 11178 | D:10     | Entered Level 10 of the Dungeon
 11189 | D:10     | Noticed a gargoyle
 11211 | D:10     | Killed a gargoyle
 11453 | D:10     | Reached skill level 10 in Dodging
 11469 | D:10     | Reached **** piety under Dithmenos
 11589 | D:10     | Found a staircase to the Orcish Mines.
 12222 | D:10     | Found a staircase to the Lair.
 12346 | D:10     | Noticed a two-headed ogre
 12361 | D:10     | Killed a two-headed ogre
 12361 | D:10     | Reached XP level 11. HP: 51/51 MP: 18/24
 13064 | D:11     | Noticed a brown ugly thing
 13159 | D:11     | Reached ***** piety under Dithmenos
 13186 | D:11     | Killed a brown ugly thing
 14195 | D:12     | Noticed Erolcha
 14206 | D:12     | Noticed a red ugly thing
 14243 | D:12     | Killed a red ugly thing
 14508 | D:12     | Noticed Nergalle
 14513 | D:12     | Killed Nergalle
 14643 | D:12     | Noticed an orc knight
 14657 | D:12     | Reached skill level 11 in Dodging
 14680 | D:12     | Killed an orc knight
 14712 | D:12     | Noticed a deep troll earth mage
 14712 | D:12     | Noticed a centaur warrior
 14715 | D:12     | Killed a centaur warrior
 15157 | Lair:1   | Entered Level 1 of the Lair of Beasts
 15205 | Lair:1   | Learned a level 3 spell: Spectral Weapon
 15291 | Lair:1   | Noticed a five-headed hydra
 15413 | Lair:1   | Killed a five-headed hydra
 15413 | Lair:1   | Reached skill level 5 in Fighting
 15604 | Lair:1   | Reached XP level 12. HP: 60/60 MP: 22/25
 16445 | Lair:2   | Found a staircase to the Snake Pit.
 16461 | Lair:2   | Noticed Harold
 16465 | Lair:2   | Killed Harold
 16529 | Lair:2   | Found a runed translucent gate.
 16530 | Lair:2   | Found a runed translucent gate.
 16763 | Lair:2   | Reached skill level 5 in Shields
 16782 | Lair:2   | Noticed Erica
 16982 | Lair:2   | Found a runed translucent gate.
 17007 | Lair:2   | Noticed a minotaur
 17026 | Lair:2   | Noticed Ucoruk's ghost (journeyman OpFi)
 17584 | Lair:2   | Killed Erica
 17724 | Lair:2   | Upgraded the game from 0.25-a0-865-gd392131cc7 to
                  | 0.25-a0-869-g05d4e06a41
 17893 | Lair:3   | Found a frozen archway.
 17908 | IceCv    | Entered an ice cave
 17909 | IceCv    | Found a transporter.
 18171 | IceCv    | Found a transporter.
 18173 | IceCv    | Reached skill level 5 in Invocations
 18257 | Lair:2   | Paralysed by a floating eye for 4 turns
 18412 | Lair:3   | Reached skill level 12 in Dodging
 18947 | Lair:3   | Identified a scroll of acquirement
 18971 | Lair:3   | Identified Dobazxi's Early Guide to Witchcraft (You
                  | acquired it on level 3 of the Lair of Beasts)
 18971 | Lair:3   | Identified the ring of Luxes {rElec Str+3} (You acquired it
                  | on level 3 of the Lair of Beasts)
 19279 | Lair:3   | Found a staircase to the Shoals.
 19450 | Lair:4   | Noticed a catoblepas
 19477 | Lair:4   | Reached skill level 10 in Stealth
 19886 | Lair:4   | Reached XP level 13. HP: 66/66 MP: 26/26
 20052 | Lair:4   | Reached skill level 1 in Charms
 20052 | Lair:4   | Reached skill level 1 in Evocations
 20406 | Lair:4   | Reached skill level 10 in Short Blades
 21231 | Lair:4   | HP: 2/67 [catoblepas (29)]
 21236 | Lair:4   | HP: 2/67 [something/blast of calcifying dust (1)]
 21254 | Lair:4   | HP: 1/67 [something/blast of calcifying dust (3)]
 21287 | Lair:4   | HP: 3/67 [something/blast of calcifying dust (6)]
 22350 | Lair:5   | Found a runed translucent door.
 22356 | Lair:5   | Noticed Quroheng's ghost (journeyman VSWn)
 22930 | Lair:5   | Found a staircase to the Slime Pits.
 22931 | Lair:5   | Found a viscous altar of Jiyva.
 23008 | Lair:5   | Identified the +5 trident of Muihirch {vamp, *Slow +Fly
                  | rPois}
 23331 | Lair:6   | Entered Level 6 of the Lair of Beasts
 23500 | Lair:6   | Reached skill level 13 in Dodging
 24207 | Lair:5   | Learned a level 3 spell: Dazzling Flash
 25443 | Lair:5   | Upgraded the game from 0.25-a0-869-g05d4e06a41 to
                  | 0.25-a0-886-gd7461d2276
 26036 | Lair:6   | Reached XP level 14. HP: 73/73 MP: 24/27
 26059 | Lair:6   | Reached skill level 5 in Evocations
 28992 | D:12     | HP: 2/74 [deep troll earth mage (17)]
 28992 | D:12     | Mangled by a deep troll earth mage

Levels and vault maps discovered:
D:1:      minmay_arrival_loop, layout_loops_ring, moated_statue,
          chequers_serial_rivers_marsh, minmay_misc_feat_secret_circle
D:2:      layout_loops_ring, gammafunk_temple_overflow_pools,
          chequers_ecumenical_altar_island, chequers_mini_garden
D:3:      wad_lake_hut, layout_loops_ring, uniq_sigmund, uniq_natasha
D:4:      layout_basic, uniq_pikel
D:5:      layout_loops_cross, nicolae_dithmenos_shadow_blocks, first_ration,
          grunt_ministairs_4
D:6:      layout_loops_corners, minmay_temple_entry_stoned_glass,
          uniq_blork_the_orc
D:7:      layout_rooms, chequers_temple_overflow_statue_of_worship,
          grunt_temple_overflow_open, grunt_livestock
D:8:      layout_gridville, gammafunk_temple_overflow_elements, uniq_maurice
D:9:      layout_layer_cave, ebering_ghost_xom, nrook_campfire
D:10:     layout_basic, lair_entry_dummy, zombieorc2_lemuel
D:11:     layout_long_grid, dk_noncrumbling_2
D:12:     evilmike_horseshoe, layout_irregular_city, minmay_increasing_density,
          uniq_erolcha, uniq_nergalle
Temple:   jpeg_temple_alley_garden
Lair:1:   layout_hall_layers
Lair:2:   layout_hall_layers, guppyfry_snake_entry_island,
          maelrawn_ghost_gauntlet_escape, disabler_island,
          infiniplex_staircase_pool_2, serial_bayou_shore_a, uniq_erica,
          uniq_harold
Lair:3:   layout_hall_layers, elwin_shoals_entry_stream,
          portal_ice_cave_entry_pillars_1, lemuel_fruit_tree
Lair:4:   beast_lair_carwin_large_4, layout_hall_layers
Lair:5:   layout_gridlike, slime_altar_1, ebering_ghost_funeral_grove
Lair:6:   guppyfry_lair_end_dragon, layout_small_grid, st_stairs_12

Skill      XL: |  1  2  3  4  5  6  7  8  9 10 11 12 13 14 |
---------------+-------------------------------------------+-----
Hexes          | 4 5 6 8 9 10 11 12 | 12.8
Short Blades   | 2 3 4 5 6 8 9 10 | 10.0
Stealth        | 5 6 8 10 11 12 | 12.1
Spellcasting   | 3 4 6 7 8 |  8.0
Ice Magic      | 1 2 3 4 |  4.0
Dodging        | 4 5 7 9 10 11 12 13 | 13.6
Shields        | 1 3 4 5 6 |  6.6
Fighting       | 2 5 6 8 |  8.8
Invocations    | 2 4 5 6 7 |  7.3
Charms         | 4 |  4.0
Evocations     | 4 5 |  5.8

Action                   |  1- 3 |  4- 6 |  7- 9 | 10-12 | 13-15 || total
-------------------------+-------+-------+-------+-------+-------++-------
Melee: Dagger            |    74 |    63 |   143 |   490 |   343 ||  1113
Throw: Stone             |     2 |     7 |       |       |       ||     9
       Dart              |       |       |     7 |    12 |       ||    19
 Cast: Corona            |     7 |       |       |       |       ||     7
       Ensorcelled Hiber |    26 |    43 |   101 |   222 |   202 ||   594
       Confusing Touch   |       |    10 |    11 |    80 |    21 ||   122
       Spectral Weapon   |       |       |       |     1 |     3 ||     4
       Tukima's Dance    |       |       |       |     8 |     3 ||    11
       Dazzling Flash    |       |       |       |       |    50 ||    50
Invok: Shadow Step       |       |       |       |     2 |     2 ||     4
  Use: Scroll            |     8 |     4 |    11 |    19 |     8 ||    50
       Potion            |     1 |       |       |       |     1 ||     2
 Stab: Sleeping          |    26 |    26 |    64 |   159 |   101 ||   376
       Confused          |       |     4 |     5 |    50 |    11 ||    70
       Distracted        |       |       |       |     1 |     1 ||     2
       Invisible         |       |       |       |       |    22 ||    22
  Eat: Ration            |       |     2 |     3 |     4 |     4 ||    13
Armor: Robe              |    18 |     5 |     4 |    15 |     8 ||    50
Dodge: Dodged            |    87 |    56 |    97 |   216 |   207 ||   663
Block: Buckler           |    11 |       |    22 |    85 |    75 ||   193

Table legend:
 A = Non-vault XP
 B = Vault XP
 C = Vault XP percentage of total XP
 D = Non-vault monster count
 E = Vault monster count
 F = Vault count percentage of total count
                 A         B        C        D         E       F
            +---------+---------+-------+---------+---------+-------
      Total |   56721 |   24062 |  29.8 |     395 |     110 |  21.8
            +---------+---------+-------+---------+---------+-------
        D:1 |      34 |       0 |   0.0 |      18 |       0 |   0.0
        D:2 |      10 |       0 |   0.0 |       7 |       0 |   0.0
        D:3 |     342 |     247 |  41.9 |      31 |       2 |   6.1
        D:4 |     564 |     629 |  52.7 |      17 |       1 |   5.6
        D:5 |     173 |      12 |   6.5 |      11 |       4 |  26.7
        D:6 |    1305 |      96 |   6.9 |      24 |       1 |   4.0
        D:7 |    1101 |     991 |  47.4 |      22 |       5 |  18.5
        D:8 |    1217 |     485 |  28.5 |      26 |       1 |   3.7
        D:9 |    1211 |       0 |   0.0 |      19 |       0 |   0.0
       D:10 |    2153 |     813 |  27.4 |      26 |      36 |  58.1
       D:11 |    2148 |       0 |   0.0 |      26 |       0 |   0.0
       D:12 |    2397 |    3964 |  62.3 |      18 |       8 |  30.8
     Lair:1 |    2820 |       0 |   0.0 |      10 |       0 |   0.0
     Lair:2 |    2899 |    2404 |  45.3 |      18 |       5 |  21.7
     Lair:3 |    5118 |    1059 |  17.1 |      22 |       4 |  15.4
     Lair:4 |    3713 |    6066 |  62.0 |      21 |      13 |  38.2
     Lair:5 |   10485 |    1236 |  10.5 |      24 |       4 |  14.3
     Lair:6 |   19031 |    4098 |  17.7 |      55 |      18 |  24.7
      IceCv |       0 |    1962 | 100.0 |       0 |       8 | 100.0
            +---------+---------+-------+---------+---------+-------
